 Dungeon Crawl Stone Soup version 0.29.1-1-gd02db6906a (webtiles) character file.

Game seed: 4498773533765711888

10 firemarshallily the Caller (level 2, -2/20 HPs)
             Began as a Merfolk Summoner on Oct 13, 2022.
             Slain by a jackal (3 damage)
             ... on level 1 of the Dungeon.
             The game lasted 00:01:08 (339 turns).

firemarshallily the Caller (Merfolk Summoner)        Turns: 339, Time: 00:01:08

Health: -2/20      AC:  2    Str:  8    XL:     2   Next: 20%
Magic:  5/5        EV: 12    Int: 14    God:
Gold:   17         SH:  0    Dex: 14    Spells: 4/5 levels left

rFire   . . .      SeeInvis .   c - +0 short sword
rCold   . . .      Faith    .   (no shield)
rNeg    . . .      Spirit   .   a - +0 robe
rPois   .          Reflect  .   (no helmet)
rElec   .          Harm     .   (no cloak)
rCorr   .          Rampage  .   (no gloves)
Will    .....                   (no boots)
Stlth   ++........              (no amulet)
HPRegen 0.06/turn               (no ring)
MPRegen 0.09/turn               (no ring)

@: no status effects
A: (nimble swimmer 2), mertail
a: no special abilities


You were on level 1 of the Dungeon.
You visited 1 branch of the dungeon, and saw 1 of its levels.

You collected 17 gold pieces.

Inventory:

Hand Weapons
 c - a +0 short sword (weapon)
Missiles
 e - 12 stones
Armour
 a - a +0 robe (worn)
Scrolls
 d - a scroll of enchant weapon {unknown}
Potions
 b - 2 potions of magic
 f - a potion of curing {unknown}


   Skills:
 + Level 0.7 Fighting
 - Level 2.6 Dodging
 - Level 2.1 Stealth
 * Level 2.3 Spellcasting
 + Level 4.1 Summonings


You had 4 spell levels left.
You knew the following spells:

 Your Spells              Type           Power      Damage    Failure   Level
a - Summon Small Mammal   Summ           52%        N/A       4%          1

Your spell library contained the following spells:

 Spells                   Type           Power      Damage    Failure   Level
 Call Imp                 Summ           13%        N/A       6%          2
 Call Canine Familiar     Summ           13%        N/A       13%         3
 Summon Guardian Golem    Hex/Summ       7%         N/A       30%         3
 Summon Lightning Spire   Summ/Air       7%         N/A       69%         4


Dungeon Overview and Level Annotations

Branches:
Dungeon (1/15)

Altars:


Innate Abilities, Weirdness & Mutations

((You are very nimble when in or above water. (Stealth+, EV+, Speed+++)))
Your lower body shifts to a powerful aquatic tail in water.


Message History

e - 12 stones (gained 7)
Found a dagger.
A jackal comes into view.
Found a scroll labelled NOYTOSIFUA.
The jackal barks!
A jackal comes into view.
A dart slug comes into view.
Found a sling.
The jackal closely misses you. The dart slug launches a dart at you.
The slug dart hits you. The jackal misses you.
You hit the jackal.
You kill the jackal!
The dart slug launches a dart at you. The slug dart misses you.
The jackal barks!
The jackal bites you. The jackal barely misses you.
You closely miss the jackal. The jackal misses you.
You barely miss the jackal. The jackal bites you.
The dart slug briefly extends its eye-stalks.
The jackal bites you but does no damage.
You hit the jackal.
The jackal is severely wounded.
The jackal bites you.
You closely miss the jackal.
The jackal is severely wounded.
The jackal bites you.
The jackal bites you but does no damage.
You completely miss the jackal.
The jackal is severely wounded.
The jackal bites you.
You barely miss the jackal.
The jackal is severely wounded.
The jackal bites you.
* * * LOW HITPOINT WARNING * * *
The dart slug launches a dart at you. The slug dart hits you.
* * * LOW HITPOINT WARNING * * *
The jackal barely misses you. The jackal attacks as you move away!
The jackal bites you.
You die...

.........##
....).....
..........
....)....
.........
........###
.....w..h.#
#.#?@# # #.##.#
#.##.##.##
#........#
####.##...#
#.###..## #####
# #.# ..##. ...[
.. ##.##
.....###..## #..
#...#
...........##..#


You could see a dart slug and a jackal.

Vanquished Creatures
  A ball python (D:1)
  A goblin (D:1)
  A jackal (D:1)
  A rat (D:1)
4 creatures vanquished.

Vanquished Creatures (collateral kills)
  A dart slug (D:1)
  A bat (D:1)
  A frilled lizard (D:1)
  2 kobolds (D:1)
5 creatures vanquished.

Vanquished Creatures (others)
  A plant (D:1)
1 creature vanquished.

Grand Total: 10 creatures vanquished

Notes
Turn   | Place    | Note
-------+----------+-------------------------------------------
     0 | D:1      | firemarshallily the Merfolk Summoner began the quest for
                  | the Orb.
     0 | D:1      | Reached XP level 1. HP: 13/13 MP: 3/3
   204 | D:1      | Reached XP level 2. HP: 20/20 MP: 1/5
   338 | D:1      | HP: 1/20 [dart slug/slug dart (5)]
   339 | D:1      | Slain by a jackal

Illustrated notes

Levels and vault maps discovered:
D:1:      dpeg_arrival_orchard, layout_rooms, serial_shops,
          nicolae_lakefront_shop, chequers_ecumenical_altar_twisty

Action                   || total
-------------------------++-------
Melee: Short sword       ||    19
       Unarmed           ||     2
       Punch             ||     1
 Cast: Summon Small Mamm ||    10
Armor: Robe              ||     7
Dodge: Dodged            ||    19
